 Dungeon Crawl Stone Soup version 0.19.1 (webtiles) character file.

1402 Haldmier the Transmogrifier (level 8, -3/64 HPs)
             Began as a Naga Transmuter on Dec 7, 2016.
             Was a Follower of Sif Muna.
             Slain by a centaur (8 damage)
             ... on level 6 of the Dungeon.
             The game lasted 00:24:50 (6285 turns).

Haldmier the Transmogrifier (Naga Transmuter)       Turns: 6285, Time: 00:24:50

Health: -3/64      AC:  2    Str: 15    XL:     8   Next: 69%
Magic:  8/11       EV: 19    Int: 13    God:    Sif Muna [*.....]
Gold:   249        SH:  0    Dex: 17    Spells: 4 memorised, 1 level left

rFire  . . .     SeeInvis +       - Unarmed
rCold  . . .     Gourm    .     (armour currently unavailable)
rNeg   + . .     Faith    .     (shield currently unavailable)
rPois  x         Spirit   .     (helmet currently unavailable)
rElec  .         Reflect  .     (cloak currently unavailable)
rCorr  .         Harm     .     (gloves currently unavailable)
MR     +....                    (no barding)
Stlth  ++........               (no amulet)
                                (no ring)
                                p - ring of positive energy

@: spider-form
A: see invisible, (deformed body), (poison resistance), (slowness 0), slow
metabolism 1, spit poison 1, AC +2
a: Spit Poison, End Transformation, Divine Energy, Renounce Religion


You were on level 6 of the Dungeon.
You worshipped Sif Muna.
Sif Muna was aware of your devotion.
You were not hungry.
You were a venomous arachnid creature.
You visited 2 branches of the dungeon, and saw 7 of its levels.
You also visited: Ossuary.

You collected 249 gold pieces.

Inventory:

Hand Weapons
 a - a +1 hunting sling
 y - a +0 blowgun
 E - a +0 shortbow
Missiles
 h - 209 stones (quivered)
 t - 66 arrows
 x - 18 poisoned needles
 z - a throwing net
 B - 56 sling bullets
Armour
 b - a +0 robe
 j - a +2 cloak (melded)
 C - the +1 robe of the Eight Orbs (melded) {+Inv rF- Str-4 Dex+8}
   (You found it on level 6 of the Dungeon)

   It affects your strength (-4).
   It affects your dexterity (+8).
   It makes you vulnerable to fire.
   It lets you turn invisible.
Jewellery
 p - a ring of positive energy (left front leg)
Wands
 i - a wand of flame (19/48)
 n - a wand of flame (27/48)
 u - a wand of polymorph (15/24)
Scrolls
 e - 4 scrolls of magic mapping {unknown}
 l - 4 scrolls of identify
 o - 3 scrolls of remove curse
 q - 2 scrolls of enchant weapon
 w - a scroll of fog {unknown}
Potions
 f - a potion of lignification {unknown}
 r - 2 potions of curing
 s - a potion of brilliance
 A - a potion of flight {unknown}
Books
 c - a book of Changes

   Spells                             Type                      Level
   a - Beastly Appendage              Transmutation                1
   b - Sticks to Snakes               Transmutation                2
   c - Spider Form                    Transmutation/Poison         3
   d - Ice Form                       Ice/Transmutation            4
   e - Blade Hands                    Transmutation                5
 v - a book of Cantrips

   Spells                             Type                      Level
   a - Confusing Touch                Hexes                        1
   b - Animate Skeleton               Necromancy                   1
   c - Summon Small Mammal            Summoning                    1
   d - Apportation                    Translocation                1
Comestibles
 d - 3 bread rations
 g - 4 meat rations
 k - 15 fruits
 m - 4 beef jerkies
 D - 5 chunks of flesh


   Skills:
 - Level 1.0 Fighting
 - Level 1.5 Dodging
 * Level 3.9 Unarmed Combat
 + Level 2.6 Spellcasting
 - Level 10.0 Transmutations


You had one spell level left.
You knew the following spells:

 Your Spells              Type           Power        Failure   Level  Hunger
a - Beastly Appendage     Tmut           ####..       3%          1    #......
b - Sticks to Snakes      Tmut           ####....     4%          2    ###....
c - Spider Form           Tmut/Pois      ##........   28%         3    ###....
d - Blade Hands           Tmut           ####......   28%         5    ######.


Dungeon Overview and Level Annotations

Branches:
Dungeon (6/15)             Temple (1/1) D:4

Altars:
Ashenzari
Cheibriados
Dithmenos
Gozag
Hepliaklqana
Kikubaaqudgha
Makhleb
Nemelex Xobeh
Okawaru
Qazlal
Ru
Sif Muna
Trog
Uskayaw
Vehumet
Xom
Yredelemnul
Zin
The Shining One


Innate Abilities, Weirdness & Mutations

You cannot wear boots.
((Your serpentine skin is tough. (AC +2)))
You have supernaturally acute eyesight. (SInv)
((Armour fits poorly on your strangely shaped body.))
((Your system is resistant to poisons. (rPois)))
((You cover ground very slowly.))
You have a slow metabolism.
You can spit poison.


Message History

* * * LOW HITPOINT WARNING * * *
You take 5 damage, and have 15/64 hp.
You now have 8/11 mp.
You hit the bullfrog.
The bullfrog looks as sick as possible!
The bullfrog is severely wounded.
The bullfrog hits you!
* * * LOW HITPOINT WARNING * * *
You take 6 damage, and have 9/64 hp.
You hit the bullfrog.
The bullfrog looks as sick as possible!
The bullfrog is almost dead.
You kill the bullfrog!
Sif Muna accepts your kill. The centaur closely misses you.
You hit the centaur but do no damage.
The centaur is poisoned.
The centaur completely misses you.
You completely miss the centaur.
The centaur is lightly wounded.
The centaur hits you.
* * * LOW HITPOINT WARNING * * *
The centaur hits you!
You die...

#.#.<......# #.# ..
# #.#....[...# #.#
##.##..........###
#.#
#................
#.#
#..##..........#
#.# #.#
#..............#
#.# #.#
................#
#.# #.#
#.#.#######...####
#.# #.# # # ##.#s##
#.# #.#
###.###c######.#
#.# ..# ##)....#.#
#.#
###.###.####.#)#
#.#
#/#####.#.#####.#.#
#.#
#..........)...)..#
#.#
..####)#####c.)..#
#.# #.#####.#.###
#.. #$.cF.....# #..


You could see a centaur.

Vanquished Creatures
  A hippogriff (D:6)
  An orc warrior (D:6)
  A sky beast (D:6)
  An ogre (D:4)
  A centaur (D:6)
  A bullfrog (D:6)
  2 scorpions (D:4)
  2 howler monkeys
  2 crimson imps (D:5)
  4 hounds
  2 orc priests (D:6)
  A bullfrog skeleton (D:5)
  Jessica (D:3)
  Natasha (thrice) (D:2)
  4 worker ants
  A mummy (D:6)
  6 adders
  An ooze (D:2)
  An adder zombie (D:5)
  A worm (D:2)
  2 dart slugs
  A leopard gecko (D:1)
  6 orcs
  7 bats
  5 giant cockroaches
  6 goblins
  4 hobgoblins
  8 jackals
  6 kobolds
  2 quokkas
  3 ball pythons
  4 frilled lizards
  39 rats
130 creatures vanquished.

Notes
Turn   | Place    | Note
-------+----------+-------------------------------------------
     0 | D:1      | Haldmier the Naga Transmuter began the quest for the Orb.
     0 | D:1      | Reached XP level 1. HP: 18/18 MP: 3/3
   257 | D:1      | Reached XP level 2. HP: 22/25 MP: 3/5
   492 | D:1      | Reached skill level 3 in Transmutations
   563 | D:1      | Reached XP level 3. HP: 23/31 MP: 4/6
   870 | D:1      | Learned a level 2 spell: Sticks to Snakes
   874 | D:1      | Learned a level 3 spell: Spider Form
   876 | D:2      | Noticed Natasha
  1167 | D:2      | Killed Natasha
  1167 | D:2      | Reached skill level 4 in Transmutations
  1167 | D:2      | Reached XP level 4. HP: 17/38 MP: 5/7
  1607 | D:2      | Noticed Natasha
  1617 | D:2      | Killed Natasha
  1617 | D:2      | Reached skill level 5 in Transmutations
  1919 | D:2      | Found a sparkling altar of Nemelex Xobeh.
  1919 | D:2      | Found an opulent altar of Gozag.
  1966 | D:2      | Reached XP level 5. HP: 44/44 MP: 6/8
  2092 | D:2      | Noticed Natasha
  2100 | D:2      | HP: 2/44 [shadow imp/nerve-wracking pain[Natasha] (5)]
  2103 | D:2      | Killed Natasha
  2354 | D:3      | Noticed Jessica
  2355 | D:3      | Killed Jessica
  2646 | D:3      | Found a burning altar of Makhleb.
  3087 | D:4      | Reached skill level 6 in Transmutations
  3092 | D:4      | Found a staircase to the Ecumenical Temple.
  3107 | Temple   | Entered the Ecumenical Temple
  3149 | Temple   | Became a worshipper of Sif Muna the Loreminder
  3213 | D:4      | Reached XP level 6. HP: 46/51 MP: 7/9
  3689 | D:4      | Reached skill level 7 in Transmutations
  3746 | D:4      | Reached XP level 7. HP: 53/57 MP: 7/10
  4407 | D:5      | Entered Level 5 of the Dungeon
  4554 | D:5      | Reached skill level 8 in Transmutations
  4758 | D:5      | Found a shadowy altar of Dithmenos.
  4777 | D:5      | Found a hide-covered altar of Uskayaw.
  5028 | D:5      | Found an iron altar of Okawaru.
  5491 | D:6      | Got a transparent robe
  5502 | D:6      | Identified the +1 robe of the Eight Orbs {+Inv rF- Str-4 Dex+8} (You found it on level 6 of the Dungeon)
  5553 | D:6      | Found a sand-covered staircase.
  5558 | Ossuary  | Entered an ossuary
  5558 | Ossuary  | Noticed Borgoz's ghost (novice NaBe)
  5783 | D:6      | Reached * piety under Sif Muna
  5868 | D:6      | Reached skill level 9 in Transmutations
  5868 | D:6      | Reached XP level 8. HP: 64/64 MP: 7/11
  5875 | D:6      | Learned a level 5 spell: Blade Hands
  5899 | D:6      | Noticed a hippogriff
  5918 | D:6      | Killed a hippogriff
  6051 | D:6      | Reached skill level 10 in Transmutations
  6285 | D:6      | Slain by a centaur

Skill      XL: |  1  2  3  4  5  6  7  8 |
---------------+-------------------------+-----
Transmutations | 3 4 5 6 7 9 10 | 10.0
Fighting       | |  1.0
Dodging        | |  1.5
Unarmed Combat | |  3.9
Spellcasting   | |  2.6

Action                   |  1- 3 |  4- 6 |  7- 9 || total
-------------------------+-------+-------+-------++-------
Melee: Unarmed           |    80 |   212 |   232 ||   524
       Headbutt          |     9 |    28 |    15 ||    52
       Punch             |       |     3 |       ||     3
 Cast: Beastly Appendage |    20 |    25 |    13 ||    58
       Spider Form       |       |     4 |    13 ||    17
 Abil: Spit Poison       |     4 |    14 |     4 ||    22
  Use: Scroll            |       |     6 |     2 ||     8
       Potion            |       |     2 |     1 ||     3
 Stab: Distracted        |       |       |     1 ||     1
  Eat: Chunk             |     1 |     7 |     6 ||    14
       Pizza             |       |       |     2 ||     2
       Beef jerky        |       |       |     1 ||     1
Armor: Robe              |    18 |    68 |    53 ||   139
       Skin              |       |       |     4 ||     4
Dodge: Dodged            |    38 |   121 |   147 ||   306
